 Dungeon Crawl Stone Soup version 0.31-a0-1074-g0b22e4e0f1 (webtiles) character file.

Game seed: 4483113852524490437

721 grandjackal the Trooper (level 7, -1/63 HPs)
             Began as a Ghoul Monk on Nov 29, 2023.
             Slain by a gnoll sergeant
             ... wielding a +3 heavy spear
              (12 damage)
             ... on level 5 of the Dungeon.
             The game lasted 00:04:22 (3868 turns).

grandjackal the Trooper (Ghoul Monk)                Turns: 3868, Time: 00:04:23

Health: -1/63      AC:  5    Str: 15    XL:     7   Next: 70%
Magic:  6/6        EV: 16    Int: 11    God:
Gold:   266        SH:  0    Dex: 11    Spells: 2/6 levels left

rFire   . .          .
                       - Unarmed
rCold   + . .        c - orb {light}
rNeg    + + +        f - +0 ring mail
rPois   ∞            (no helmet)
rElec   .            (no cloak)
rCorr   .            (no gloves)
SInv    .            (no boots)
Will    .....        (no amulet) Stlth
                     l - +5 ring of evasion
HPRegen 0.00/turn    (no ring)
MPRegen 0.10/turn

%: no passive effects
@: inhibited regen, glowing
A: claws 1, cold resistance 1, negative energy resistance 3, inhibited
regeneration, torment resistance 2, devour on kill
a: no special abilities


You were on level 5 of the Dungeon.
You visited 1 branch of the dungeon, and saw 5 of its levels.

You collected 266 gold pieces.

Inventory:

Armour
 c - an orb of light (worn)
 f - a +0 ring mail (worn)
Jewellery
 l - a +5 ring of evasion (left claw)
Wands
 h - a wand of flame (22)
Scrolls
 d - a scroll of identify
 i - a scroll of teleportation {unknown}
 k - 3 scrolls of fog {unknown}
 n - a scroll of vulnerability {unknown}
 o - a scroll of blinking {unknown}
 p - a scroll of enchant armour {unknown}
Potions
 a - 2 potions of might
 b - a potion of ambrosia
 e - 3 potions of lignification
 j - a potion of brilliance {unknown}
 m - a potion of heal wounds {unknown}
 q - a potion of berserk rage {unknown}


   Skills:
 + Level 6.2 Fighting
 - Level 3.0 Armour
 - Level 3.0 Dodging
 + Level 6.1 Unarmed Combat
 + Level 0.0 Necromancy
 + Level 2.1 Evocations


You had 2 spell levels left.
You knew the following spells:

 Your Spells              Type           Power      Damage    Failure   Level
a - Dispel Undead         Necr           0%         3d6       100%        4

Your spell library contained the following spells:

 Spells                   Type           Power      Damage    Failure   Level
 Cigotuvi's Dreadful Rot  Necr/Pois/Air  0%         N/A       71%         2
 Ensorcelled Hibernation  Hex/Ice        0%         N/A       71%         2
 Passwall                 Tmut/Erth      0%         N/A       71%         2
 Swiftness                Air            0%         N/A       90%         3
 Death Channel            Necr           0%         N/A       100%        6
 Summon Hydra             Summ           0%         N/A       100%        7
 Sublimation of Blood     Necr           Unusable   N/A       N/A         2
 Wereblood                Tmut           Unusable   N/A       N/A         2

Dungeon Overview and Level Annotations

Branches:
Dungeon (5/15)
 Temple: D:4-7

Altars:
Trog

Shops:
D:4 :

Annotations:
D:4 3 runed translucent doors, tbh1313's ghost, novice OgBe


Innate Abilities, Weirdness & Mutations

You are immune to poison.
You have sharp fingernails.
Your flesh is cold resistant. (rC+)
You are immune to negative energy. (rN+++)
You do not regenerate when monsters are visible.
You are immune to unholy pain and torment.
You thrive by killing the living.


Message History

Found a bloodstained altar of Trog. 3 gnolls come into view.
Found 13 gold pieces.
The gnoll shouts! x3
A gnoll sergeant and a gnoll come into view.
The gnoll sergeant is wielding a +3 heavy spear.
The gnoll is wielding a +0 club.
The gnoll sergeant shouts!
The gnoll shouts!
You completely miss the gnoll. You claw the gnoll!
The gnoll is almost dead.
The gnoll completely misses you.
You barely miss the gnoll.
The gnoll is almost dead.
The gnoll hits you with a +0 whip. The gnoll closely misses you.
You claw the gnoll!
You kill the gnoll!
You feel better. The gnoll closely misses you.
The gnoll hits you from afar with a +0 spear.
The gnoll sergeant misses you.
You scratch the gnoll sergeant but do no damage.
The gnoll hits you from afar with a +0 spear.
A gnoll comes into view. It is wielding a +1 whip of venom.
You claw the gnoll sergeant!
The gnoll sergeant is moderately wounded.
The gnoll sergeant hits you with a +3 heavy spear!
The gnoll hits you from afar with a +0 spear.
The gnoll closely misses you.
Okay, then.
Okay, then.
The gnoll sergeant hits you from afar with a +3 heavy spear!
As you read the scroll labelled VOAQUUHE RIEB, it crumbles to dust.
It is a scroll of identify.
e - 3 potions of lignification
As you read the scroll of identify, it crumbles to dust.
a - 2 potions of might The gnoll sergeant hits you from afar with a +3 heavy spear!!
* * * LOW HITPOINT WARNING * * *
It was a potion of curing.
You feel better.
The gnoll sergeant hits you from afar with a +3 heavy spear!
You die...

..# .# .. .# ....≈≈≈≈~...
.. .. #..~~≈≈~P..#.#. .##
##<..~≈≈..... #.#$.###
##..~~≈~P...###.#....####
.....~≈P~.##............
....~P≈~......#..# ##(###
###.~~~~......+)@##.....#
##...≈~~......##.#.......
...P~~~≈.~....##g#.......
##.~≈~≈≈P~....##gg.g._g..
....~≈≈≈P.....#..#....g..
...~~≈≈~~P...##..#.......
#.~P~≈≈~.....##..##.....#
...~≈≈≈~...#.##..####.###
...P≈≈≈≈................


You could see a gnoll sergeant and 2 gnolls.

Vanquished Creatures
  Sigmund (D:2)
  An ice beast (D:5)
  A black bear (D:5)
  An ogre (D:5)
  An orc priest (D:3)
  A hound (D:2)
  Jessica (D:2)
  2 iguanas (D:5)
  4 gnolls
  5 adders
  A worm (D:2)
  A dart slug (D:4)
  5 orcs
  6 ball pythons
  8 bats
  5 endoplasms
  5 giant cockroaches
  8 goblins
  11 hobgoblins
  2 jackals (D:5)
  3 kobolds
  2 quokkas
  2 frilled lizards
  4 rats
81 creatures vanquished.

Notes
Turn   | Place    | Note
-------+----------+-------------------------------------------
     0 | D:1      | grandjackal the Ghoul Monk began the quest for the Orb.
     0 | D:1      | Reached XP level 1. HP: 19/19 MP: 0/0
    94 | D:1      | Reached XP level 2. HP: 26/26 MP: 1/1
   936 | D:2      | Found a faded altar of an unknown god.
   968 | D:2      | Reached XP level 3. HP: 33/33 MP: 2/2
   972 | D:2      | Noticed Sigmund
   985 | D:2      | Killed Sigmund
   986 | D:2      | Reached XP level 4. HP: 20/41 MP: 3/3
   986 | D:2      | Reached XP level 5. HP: 23/47 MP: 4/4
  1262 | D:2      | Noticed Jessica
  1268 | D:2      | Killed Jessica
  1503 | D:2      | Reached skill level 5 in Fighting
  1503 | D:2      | Reached XP level 6. HP: 33/56 MP: 5/5
  1784 | D:2      | Reached skill level 5 in Unarmed Combat
  2335 | D:4      | Found Ilich's Book Shoppe.
  2798 | D:4      | Found a runed translucent gate.
  2798 | D:4      | Found a runed translucent gate.
  2798 | D:4      | Found a runed translucent gate.
  2798 | D:4      | Noticed tbh1313's ghost (novice OgBe)
  3386 | D:5      | Entered Level 5 of the Dungeon
  3516 | D:5      | Noticed a black bear
  3529 | D:5      | Killed a black bear
  3530 | D:5      | Reached skill level 1 in Evocations
  3530 | D:5      | Reached XP level 7. HP: 21/62 MP: 6/6
  3841 | D:5      | Learned a level 4 spell: Dispel Undead
  3850 | D:5      | Found a bloodstained altar of Trog.
  3868 | D:5      | Slain by a gnoll sergeant

Illustrated notes

Levels and vault maps discovered:
D:1:      scummos_arrival_simple_crosswalls, layout_basic
D:2:      layout_loops_ring, shapermc_ecumenical_altar_acropolis,
          minmay_goblin_outpost, uniq_sigmund, uniq_jessica
D:3:      layout_rooms
D:4:      layout_layer_cave, serial_shops, nicolae_shop_hallway_plus,
          ebering_ghost_rock_garden
D:5:      layout_basic, old_standard_altar, chequers_big_river

Skill      XL: |  1  2  3  4  5  6  7 |
---------------+----------------------+-----
Dodging        | 3 |  3.0
Fighting       | 4 5 6 |  6.2
Armour         | 2 3 |  3.0
Unarmed Combat | 4 5 6 |  6.1
Evocations     | 1 2 |  2.1

Action                     |  1- 3 |  4- 6 |  7- 9 || total
---------------------------+-------+-------+-------++-------
  Melee: Unarmed           |    52 |   141 |    25 ||   218
  Evoke: Wand              |       |       |     2 ||     2
    Use: Scroll            |       |       |     2 ||     2
         Potion            |       |       |     1 ||     1
 Armour: Robe              |    11 |       |       ||    11
         Ring mail         |     8 |    94 |    22 ||   124
  Dodge: Dodged            |    27 |    86 |    10 ||   123

Table legend: (Time is in decaauts)
 A = Elapsed time spent in this place.
 B = Non-inter-level travel time spent in this place.
 C = Inter-level travel time spent in this place.
 D = Time resting spent in this place.
 E = Time spent auto-exploring this place.
 F = Levels seen in this place.
 G = Mean time per level.
                   A        B        C        D        E       F      G
               +--------+--------+--------+--------+--------+-----+--------+
         Total |   3851 |   3730 |    121 |    520 |   2610 |   5 |  770.2 |
       Dungeon |   3851 |   3730 |    121 |    520 |   2610 |   5 |  770.2 |
               +--------+--------+--------+--------+--------+-----+--------+

Top non-repeatable levels by time:
     D:2: 1076 daAuts
     D:4: 1055 daAuts
     D:1: 891 daAuts
     D:5: 480 daAuts
     D:3: 348 daAuts
